 Dungeon Crawl Stone Soup version 0.29-a0-451-gfbfa42419e (webtiles) character file.

Game seed: 13201800249375694799

426 caco the Ruffian (level 6, -3/79 HPs)
             Began as a Gnoll Cinder Acolyte on May 20, 2022.
             Was a High Priest of Ignis.
             Engulfed by a cloud of flame (6 damage)
             ... on level 4 of the Dungeon.
             The game lasted 00:12:27 (3411 turns).

caco the Ruffian (Gnoll Cinder Acolyte)             Turns: 3411, Time: 00:12:28

Health: -3/79      AC: 23    Str: 13    XL:     6   Next: 97%
Magic:  6/11       EV:  2    Int: 16    God:    Ignis [*****.]
Gold:   187        SH:  0    Dex:  7    Spells: 10/12 levels left

rFire   + . .      SeeInvis .     - Unarmed
rCold   . . .      Faith    .   (no shield)
rNeg    . . .      Spirit   .   (body armour currently unavailable)
rPois   +          Reflect  .   (helmet currently unavailable)
rElec   .          Harm     .   (cloak currently unavailable)
rCorr   .          Rampage  .   (gloves currently unavailable)
Will    .....      NoTele   +   (boots currently unavailable)
Stlth   ++........              (no amulet)
HPRegen 0.23/turn               (no ring)
MPRegen 0.12/turn               (no ring)

@: tree-form, invisible
A: stationary, stasis, torment immunity, boosted hp, (fangs 1), strong nose,
distributed training
a: Renounce Religion, Fiery Armour, Foxfire Swarm, Rising Flame


You were on level 4 of the Dungeon.
You worshipped Ignis.
Ignis was extremely pleased with you.
You were a tree.
You visited 1 branch of the dungeon, and saw 4 of its levels.

You collected 187 gold pieces.

Inventory:

Hand Weapons
 g - a +1 dagger of draining
 i - a +3 short sword
 l - a +1 dagger of speed
 u - a +2 dagger of venom
Missiles
 c - 174 stones (quivered)
Armour
 a - a +0 robe (melded)
 b - a +0 cloak (melded)
 p - a +0 pair of boots (melded)
Jewellery
 d - the amulet "Qagg" {Spirit rC+ rN+ Int+2}
   (You acquired it on level 4 of the Dungeon)

   [amulet of guardian spirit]

   It causes incoming damage to be divided between your reserves of health and
   magic.
   Int:       It affects your intelligence (+2).
   rC:        It protects you from cold.
   rN:        It protects you from negative energy.
 n - a +4 ring of evasion
 q - an amulet of faith
 t - a ring of magical power
Wands
 m - a wand of flame (13)
Scrolls
 e - 3 scrolls of identify


   Skills:
 + Level 6.9 Fighting
 + Level 2.2 Short Blades
 + Level 2.2 Long Blades
 + Level 2.2 Axes
 + Level 2.2 Maces & Flails
 + Level 2.2 Polearms
 + Level 2.2 Staves
 + Level 2.2 Slings
 + Level 2.2 Bows
 + Level 2.2 Crossbows
 + Level 2.2 Throwing
 + Level 2.2 Armour
 + Level 2.2 Dodging
 + Level 2.2 Stealth
 + Level 2.2 Shields
 + Level 6.9 Unarmed Combat
 + Level 3.6 Spellcasting
 + Level 1.7 Conjurations
 + Level 1.7 Hexes
 + Level 1.7 Summonings
 + Level 1.7 Necromancy
 + Level 1.7 Translocations
 + Level 1.7 Transmutations
 + Level 5.7 Fire Magic
 + Level 1.7 Ice Magic
 + Level 1.7 Air Magic
 + Level 1.7 Earth Magic
 + Level 1.7 Poison Magic
 + Level 2.4 Invocations
 + Level 2.2 Evocations


You had 10 spell levels left.
You knew the following spells:

 Your Spells              Type           Power      Damage    Failure   Level
a - Scorch                Fire           42%        2d7       2%          2

Your spell library contained the following spells:

 Spells                   Type           Power      Damage    Failure   Level
 Necrotize                Necr           32%        1d5       9%          1
 Sting                    Tmut/Pois      32%        1d4       9%          1
 Ensorcelled Hibernation  Hex/Ice        16%        N/A       13%         2
 Ignite Poison            Fire/Tmut/Pois 12%        N/A       14%         3
 Spider Form              Tmut/Pois      8%         N/A       26%         3
 Vampiric Draining        Necr           8%         2d6       26%         3
 Sticky Flame             Conj/Fire      14%        2d4       36%         4
 Anguish                  Hex/Necr       4%         N/A       63%         4
 Corpse Rot               Necr/Pois/Air  8%         N/A       63%         4
 Agony                    Necr           8%         N/A       93%         5
 Ignition                 Fire           10%        3d5       100%        8


Dungeon Overview and Level Annotations

Branches:
Dungeon (3/15)

Altars:
Qazlal
Ru


Innate Abilities, Weirdness & Mutations

You are a tree.
Your roots penetrate the ground, keeping you stationary.
You cannot be teleported.
You are immune to unholy pain and torment.
Your maximum health is greatly increased.
Your equipment is partially melded.
((You have very sharp teeth.))
Your uncanny sense of smell can sniff out nearby items.
Your experience applies equally to all skills.


Message History

The fiery explosion engulfs you. You resist.
* * * LOW HITPOINT WARNING * * *
The fiery explosion engulfs the necrophage!!
You destroy the necrophage!
You resist.
* * * LOW HITPOINT WARNING * * *
Unknown command.
Unknown command.
Unknown command.
Unknown command.
Unknown command.
Unknown command.
Unknown command.
Unknown command.
Unknown command.
Unknown command.
Unknown command.
Unknown command.
Unknown command.
Unknown command.
Unknown command.
Unknown command.
You resist.
* * * LOW HITPOINT WARNING * * *
Unknown command.
Unknown command.
Unknown command.
You resist.
* * * LOW HITPOINT WARNING * * *
Unknown command.
Unknown command.
Unknown command.
You resist.
* * * LOW HITPOINT WARNING * * *
The gnoll's inner flame fades away.
Unknown command.
Unknown command.
Unknown command.
You resist.
You die...

##.#
#.#
##.#
.# #.
#.g
#g####
#§§§.#
#§¥#
#§##
#. #.
#. ..
.. ..


You could see 2 gnolls.

Vanquished Creatures
  A black bear (D:4)
  A centaur (D:4)
  A necrophage (D:4)
  9 gnolls
  2 adders (D:2)
  2 worms (D:2)
  2 dart slugs
  5 ball pythons
  10 endoplasms
  4 giant cockroaches
  5 goblins
  6 hobgoblins
  5 jackals
  3 quokkas
  4 bats
  9 frilled lizards
  7 kobolds
  5 rats
81 creatures vanquished.

Notes
Turn   | Place    | Note
-------+----------+-------------------------------------------
     0 | D:1      | caco the Gnoll Cinder Acolyte began the quest for the Orb.
     0 | D:1      | Reached XP level 1. HP: 23/23 MP: 4/4
   112 | D:1      | Found a faded altar of an unknown god.
   220 | D:1      | Reached XP level 2. HP: 25/29 MP: 5/5
   692 | D:1      | Reached XP level 3. HP: 29/31 MP: 7/7
   840 | D:1      | Learned a level 2 spell: Scorch
  1192 | D:2      | Reached skill level 1 in Invocations
  1346 | D:2      | Reached skill level 1 in Short Blades
  1346 | D:2      | Reached skill level 1 in Long Blades
  1346 | D:2      | Reached skill level 1 in Axes
  1346 | D:2      | Reached skill level 1 in Maces & Flails
  1346 | D:2      | Reached skill level 1 in Polearms
  1346 | D:2      | Reached skill level 1 in Staves
  1346 | D:2      | Reached skill level 1 in Slings
  1346 | D:2      | Reached skill level 1 in Bows
  1346 | D:2      | Reached skill level 1 in Crossbows
  1346 | D:2      | Reached skill level 1 in Throwing
  1346 | D:2      | Reached skill level 1 in Armour
  1346 | D:2      | Reached skill level 1 in Dodging
  1346 | D:2      | Reached skill level 1 in Stealth
  1346 | D:2      | Reached skill level 1 in Shields
  1346 | D:2      | Reached skill level 1 in Evocations
  1476 | D:2      | Reached XP level 4. HP: 40/41 MP: 3/8
  1683 | D:2      | Reached skill level 1 in Conjurations
  1683 | D:2      | Reached skill level 1 in Hexes
  1683 | D:2      | Reached skill level 1 in Summonings
  1683 | D:2      | Reached skill level 1 in Necromancy
  1683 | D:2      | Reached skill level 1 in Translocations
  1683 | D:2      | Reached skill level 1 in Transmutations
  1683 | D:2      | Reached skill level 1 in Ice Magic
  1683 | D:2      | Reached skill level 1 in Air Magic
  1683 | D:2      | Reached skill level 1 in Earth Magic
  1683 | D:2      | Reached skill level 1 in Poison Magic
  2056 | D:2      | Reached XP level 5. HP: 47/47 MP: 4/9
  2167 | D:2      | Found a sacrificial altar of Ru.
  2963 | D:3      | Found a stormy altar of Qazlal.
  3101 | D:3      | Got the Incunabulum of the Crushed Nightmares
  3352 | D:3      | You fall into a shaft and drop 1 floor!
  3376 | D:4      | Identified a scroll of acquirement
  3376 | D:4      | Acquired the amulet "Qagg" {Spirit rC+ rN+ Int+2}
  3380 | D:4      | HP: 2/45 [necrophage (1)]
  3388 | D:4      | Noticed a black bear
  3388 | D:4      | Noticed a centaur
  3400 | D:4      | Killed a centaur
  3401 | D:4      | Reached XP level 6. HP: 20/53 MP: 5/11
  3404 | D:4      | Killed a black bear
  3410 | D:4      | HP: 2/79 [something (2)]
  3411 | D:4      | Engulfed by a cloud of flame

Illustrated notes

Levels and vault maps discovered:
D:1:      dpeg_arrival_signposts, layout_rooms,
          nicolae_ecumenical_snake_handling, minmay_cupped
D:2:      layout_loops_ring, basic_altar
D:3:      layout_basic, mainiacjoe_overflow_alcove_2
D:4:      layout_cave_pods, ebering_ghost_reflecting_pool

Skill      XL: |  1  2  3  4  5  6 |
---------------+-------------------+-----
Invocations    | 1 2 |  2.4
Short Blades   | 1 2 |  2.2
Long Blades    | 1 2 |  2.2
Axes           | 1 2 |  2.2
Maces & Flails | 1 2 |  2.2
Polearms       | 1 2 |  2.2
Staves         | 1 2 |  2.2
Slings         | 1 2 |  2.2
Bows           | 1 2 |  2.2
Crossbows      | 1 2 |  2.2
Throwing       | 1 2 |  2.2
Armour         | 1 2 |  2.2
Dodging        | 1 2 |  2.2
Stealth        | 1 2 |  2.2
Shields        | 1 2 |  2.2
Evocations     | 1 2 |  2.2
Spellcasting   | 3 |  3.6
Conjurations   | 1 |  1.7
Hexes          | 1 |  1.7
Summonings     | 1 |  1.7
Necromancy     | 1 |  1.7
Translocations | 1 |  1.7
Transmutations | 1 |  1.7
Ice Magic      | 1 |  1.7
Air Magic      | 1 |  1.7
Earth Magic    | 1 |  1.7
Poison Magic   | 1 |  1.7
Fighting       | |  6.9
Unarmed Combat | |  6.9
Fire Magic     | |  5.7

Action                   |  1- 3 |  4- 6 || total
-------------------------+-------+-------++-------
Melee: Unarmed           |    98 |    49 ||   147
       Bite              |     9 |       ||     9
       Punch             |     3 |     1 ||     4
Throw: Stone             |       |    27 ||    27
 Cast: Scorch            |     9 |    35 ||    44
  Use: Potion            |       |     7 ||     7
       Scroll            |       |     6 ||     6
 Stab: Sleeping          |     1 |     1 ||     2
Armor: Robe              |    37 |    12 ||    49
       Skin              |       |    42 ||    42
Dodge: Dodged            |    48 |    38 ||    86

Table legend: (Time is in decaauts)
 A = Elapsed time spent in this place.
 B = Non-inter-level travel time spent in this place.
 C = Inter-level travel time spent in this place.
 D = Time resting spent in this place.
 E = Time spent auto-exploring this place.
 F = Levels seen in this place.
 G = Mean time per level.
                   A        B        C        D        E       F      G
               +--------+--------+--------+--------+--------+-----+--------+
         Total |   3393 |   3177 |    216 |    328 |   2202 |   4 |  848.2 |
       Dungeon |   3393 |   3177 |    216 |    328 |   2202 |   4 |  848.2 |
               +--------+--------+--------+--------+--------+-----+--------+

Top non-repeatable levels by time:
     D:2: 1411 daAuts
     D:1: 1203 daAuts
     D:3: 721 daAuts
     D:4: 57 daAuts
